 Seeded DCSS version 0.30.0-29-ga12c61a403 (webtiles) character file.

Game seed: 3232401966097058398 (custom seed)

123 OTABOTABOTAB the Skirmisher (level 5, -8/43 HPs)
             Began as a Gnoll Hunter on June 25, 2023.
             Mangled by a gnoll
             ... wielding a +0 halberd
              (9 damage)
             ... on level 2 of the Dungeon.
             The game lasted 00:02:03 (1126 turns).

OTABOTABOTAB the Skirmisher (Gnoll Hunter)          Turns: 1126, Time: 00:02:04

Health: -8/43      AC:  3    Str: 11    XL:     5   Next: 7%
Magic:  5/7        EV: 13    Int:  8    God:
Gold:   84         SH:  0    Dex: 17    Spells: 6/6 levels left

rFire   . . .        a - +0 shortbow
rCold   . . .        (shield currently unavailable)
rNeg    . . .        c - +0 leather armour
rPois   .            (no helmet)
rElec   .            (no cloak)
rCorr   .            (no gloves)
SInv    .            (no boots)
Will    .....        (no amulet)
Stlth   ++           (no ring)
HPRegen 0.27/turn    (no ring)
MPRegen 0.10/turn

%: no passive effects
@: no status effects
A: fangs 1, strong nose, distributed training
a: no special abilities


You were on level 2 of the Dungeon.
You visited 1 branch of the dungeon, and saw 2 of its levels.

You collected 84 gold pieces.

Inventory:

Hand Weapons
 a - a +0 shortbow (weapon)
Missiles
 k - 2 javelins
 s - 8 stones
Armour
 c - a +0 leather armour (worn)
 o - a +0 helmet
   (You took it off Robin on level 2 of the Dungeon)
Wands
 r - a wand of roots (10)
   (You took it off Jessica on level 2 of the Dungeon)
Scrolls
 e - a scroll of vulnerability {unknown}
 l - a scroll of fear {unknown}
 m - 2 scrolls of fog {unknown}
 q - a scroll of identify {unknown}
 K - 3 scrolls of immolation {!r}
Potions
 b - a potion of mutation {unknown}
 d - a potion of resistance {unknown}
 f - a potion of cancellation {unknown}
 g - 3 potions of haste {unknown}
 h - a potion of magic {unknown}
 i - a potion of might {unknown}
 j - 3 potions of lignification {unknown}
 n - a potion of attraction {unknown}
 p - a potion of heal wounds {unknown}


   Skills:
 + Level 4.7 Fighting
 + Level 1.4 Short Blades
 + Level 1.4 Long Blades
 + Level 1.4 Axes
 + Level 1.4 Maces & Flails
 + Level 1.4 Polearms
 + Level 1.4 Staves
 + Level 8.6 Ranged Weapons
 + Level 1.4 Throwing
 + Level 1.4 Armour
 + Level 4.7 Dodging
 + Level 2.7 Stealth
 + Level 1.4 Shields
 + Level 1.4 Unarmed Combat
 + Level 1.4 Spellcasting
 + Level 1.1 Conjurations
 + Level 1.1 Hexes
 + Level 1.1 Summonings
 + Level 1.1 Necromancy
 + Level 1.1 Translocations
 + Level 1.1 Transmutations
 + Level 1.1 Fire Magic
 + Level 1.1 Ice Magic
 + Level 1.1 Air Magic
 + Level 1.1 Earth Magic
 + Level 1.1 Poison Magic
 + Level 1.5 Invocations
 + Level 1.4 Evocations


You had 6 spell levels left.
You didn't know any spells.
Your spell library contained the following spells:

 Spells                   Type           Power      Damage    Failure   Level
 Poisonous Vapours        Pois/Air       4%         N/A       43%         2
 Mephitic Cloud           Conj/Pois/Air  2%         N/A       67%         3
 Freezing Cloud           Conj/Ice/Air   1%         6-21      100%        5


Dungeon Overview and Level Annotations

Branches:
Dungeon (2/15)

Altars:

Shops:
D:1 [((!


Innate Abilities, Weirdness & Mutations

You have very sharp teeth.
Your uncanny sense of smell can sniff out nearby items.
Your experience applies equally to all skills.


Message History

Found a stone staircase leading up.
r - a wand of roots (10)
Things that are here:
a +0 club; a +0 robe; the human corpse of Jessica
Found a stone staircase leading down. 3 gnolls come into view.
The gnoll shouts!
You hear a shout! x2
A goblin comes into view. It is wielding a +0 club.
A gnoll comes into view. It is wielding a +0 club.
A quokka comes into view.
You shoot an arrow. The gnoll shouts!
The arrow hits the gnoll.
You hear a shout!
A gnoll comes into view. It is wielding a +0 halberd.
A gnoll comes into view. It is wielding a +0 spear.
The gnoll closely misses you.
You shoot an arrow. The arrow hits the gnoll.
The gnoll hits you from afar with a +0 spear.
You take 2 damage, and have 36/38 hp.
You shoot an arrow. The arrow barely misses the gnoll.
The arrow closely misses the gnoll.
The gnoll barely misses you.
The gnoll hits you from afar with a +0 spear.
You take 3 damage, and have 33/38 hp.
You shoot an arrow. The arrow hits the gnoll.
You hear a shout!
The gnoll barely misses you. The gnoll closely misses you. x2
The gnoll attacks as you move away! The gnoll hits you with a +0 flail!
You take 7 damage, and have 27/38 hp.
The gnoll attacks as you move away! The gnoll hits you with a +0 flail.
You take 2 damage, and have 25/38 hp.
The gnoll attacks as you move away! The gnoll closely misses you.
You shoot an arrow. The arrow hits the gnoll!
The gnoll completely misses you. The gnoll closely misses you.
You shoot an arrow. The arrow hits the gnoll!
You kill the gnoll!
The gnoll hits you from afar with a +0 spear.
You take 5 damage, and have 21/38 hp.
You are too injured to fight recklessly!
You are too injured to fight recklessly!
You are too injured to fight recklessly!
Unknown command.
Fire: a) +0 shortbow
Press: ? - help, Q - select action, (/) - cycle Shift-Dir - straight line, f - gnoll
Aim: a gnoll, wielding a +0 spear (69% to hit)
You shoot an arrow.
The arrow hits the gnoll but does no damage.
The gnoll barely misses you.
Fire: a) +0 shortbow
Press: ? - help, Q - select action, (/) - cycle Shift-Dir - straight line, f/p - gnoll
Aim: a gnoll, wielding a +0 spear (69% to hit)
You shoot an arrow. The arrow hits the gnoll.
The gnoll barely misses you.
Fire: a) +0 shortbow
Press: ? - help, Q - select action, (/) - cycle Shift-Dir - straight line, f/p - gnoll
Aim: a gnoll, wielding a +0 spear (moderately wounded, 69% to hit)
You shoot an arrow. The arrow hits the gnoll!
You kill the gnoll!
Fire: a) +0 shortbow
Press: ? - help, Q - select action, (/) - cycle Shift-Dir - straight line, f - goblin
Aim: a goblin, wielding a +0 club (60% to hit)
You shoot an arrow. The arrow hits the goblin.
You kill the goblin!
The gnoll hits you from afar with a +0 spear!
You take 8 damage, and have 14/38 hp.
MASSIVE DAMAGE!!
Fire: a) +0 shortbow
Press: ? - help, Q - select action, (/) - cycle Shift-Dir - straight line, f - gnoll
Aim: a gnoll, wielding a +0 spear (moderately wounded, 69% to hit)
You shoot an arrow. The arrow closely misses the gnoll.
The arrow hits the quokka!
You kill the quokka!
The gnoll hits you from afar with a +0 spear.
You take 2 damage, and have 12/38 hp.
Fire: a) +0 shortbow
Press: ? - help, Q - select action, (/) - cycle Shift-Dir - straight line, f/p - gnoll
Aim: a gnoll, wielding a +0 spear (moderately wounded, 69% to hit)
You shoot an arrow. The arrow hits the gnoll.
The gnoll hits you from afar with a +0 spear.
* * * LOW HITPOINT WARNING * * *
Fire: a) +0 shortbow
Press: ? - help, Q - select action, (/) - cycle Shift-Dir - straight line, f/p - gnoll
Aim: a gnoll, wielding a +0 spear (severely wounded, 69% to hit)
You shoot an arrow. The arrow hits the gnoll!
You kill the gnoll!
You have reached level 5!
Fire: a) +0 shortbow
Press: ? - help, Q - select action, (/) - cycle Shift-Dir - straight line, f - gnoll
Aim: a gnoll, wielding a +0 halberd (69% to hit)
You shoot an arrow. The arrow hits the gnoll!
The gnoll hits you from afar with a +0 halberd!
* * * LOW HITPOINT WARNING * * *
You take 11 damage, and have 1/43 hp.
MASSIVE DAMAGE!!
Fire: a) +0 shortbow
Press: ? - help, Q - select action, (/) - cycle Shift-Dir - straight line, f/p - gnoll
Aim: a gnoll, wielding a +0 halberd (severely wounded, 69% to hit)
You shoot an arrow. The arrow barely misses the gnoll.
The gnoll hits you from afar with a +0 halberd!
You die...

#.....####### ###.. #.#.)##
####### #.... #.##.# #.....#
#.#..
####.##.########.....####.#..
#............#...........)...
#.#####.####.#.#...).###.)##.
#.# #.#...######.)..## #.#
#.###.# #.)...# āˆ† #.#
#@#<#.# #..)..# #..# #)#.#.#
#)....# #####g.##g#...#
#.....#
.....g..#g#######..)#####
......#............. ..=.r
##..######..## ...gāˆ†
##........ ?.. ......>.# ..
##########


You could see 2 gnolls.

Vanquished Creatures
  Jessica (D:2)
  Robin (D:2)
  3 gnolls (D:2)
  An adder (D:2)
  A worm (D:2)
  A dart slug (D:2)
  6 ball pythons
  3 bats
  An endoplasm (D:1)
  11 goblins
  2 hobgoblins (D:1)
  2 jackals (D:1)
  3 kobolds
  3 quokkas
  2 frilled lizards (D:1)
  3 rats (D:1)
44 creatures vanquished.

Notes
Turn   | Place    | Note
-------+----------+-------------------------------------------
     0 | D:1      | OTABOTABOTAB the Gnoll Hunter began the quest for the Orb.
     0 | D:1      | Reached XP level 1. HP: 20/20 MP: 1/1
    76 | D:1      | Found Jaehul's Weapon Shop.
   125 | D:1      | Reached XP level 2. HP: 26/26 MP: 2/2
   170 | D:1      | Found a faded altar of an unknown god.
   216 | D:1      | Found Dyolin's Antique Weapon Boutique.
   281 | D:1      | Found Oroirph's Armour Emporium.
   532 | D:1      | Found Nuroank's Distillery.
   829 | D:2      | Reached XP level 3. HP: 31/31 MP: 3/3
   836 | D:2      | Noticed Robin
   846 | D:2      | Killed Robin
   847 | D:2      | Reached skill level 1 in Invocations
   851 | D:2      | Reached skill level 1 in Short Blades
   851 | D:2      | Reached skill level 1 in Long Blades
   851 | D:2      | Reached skill level 1 in Axes
   851 | D:2      | Reached skill level 1 in Maces & Flails
   851 | D:2      | Reached skill level 1 in Polearms
   851 | D:2      | Reached skill level 1 in Staves
   851 | D:2      | Reached skill level 1 in Throwing
   851 | D:2      | Reached skill level 1 in Armour
   851 | D:2      | Reached skill level 1 in Shields
   851 | D:2      | Reached skill level 1 in Unarmed Combat
   851 | D:2      | Reached skill level 1 in Spellcasting
   851 | D:2      | Reached skill level 1 in Evocations
  1057 | D:2      | Reached XP level 4. HP: 38/38 MP: 5/5
  1078 | D:2      | Noticed Jessica
  1080 | D:2      | Killed Jessica
  1081 | D:2      | Reached skill level 1 in Conjurations
  1081 | D:2      | Reached skill level 1 in Hexes
  1081 | D:2      | Reached skill level 1 in Summonings
  1081 | D:2      | Reached skill level 1 in Necromancy
  1081 | D:2      | Reached skill level 1 in Translocations
  1081 | D:2      | Reached skill level 1 in Transmutations
  1081 | D:2      | Reached skill level 1 in Fire Magic
  1081 | D:2      | Reached skill level 1 in Ice Magic
  1081 | D:2      | Reached skill level 1 in Air Magic
  1081 | D:2      | Reached skill level 1 in Earth Magic
  1081 | D:2      | Reached skill level 1 in Poison Magic
  1125 | D:2      | Reached XP level 5. HP: 12/43 MP: 5/7
  1125 | D:2      | HP: 1/43 [gnoll/+0 halberd (11)]
  1126 | D:2      | Mangled by a gnoll

Illustrated notes

Levels and vault maps discovered:
D:1:      reono_arrival_mine, layout_basic, serial_shops, shop,
          nicolae_shop_bloodbath_and_beyond, nicolae_shop_rolling_square, shop,
          ebering_ecumenical_altar_ruins
D:2:      layout_basic, grunt_decor_clamped, kennysheep_doodads,
          minmay_shallow_snake_nest, uniq_robin, uniq_jessica

Skill      XL: |  1  2  3  4 |
---------------+-------------+-----
Invocations    | 1 |  1.5
Short Blades   | 1 |  1.4
Long Blades    | 1 |  1.4
Axes           | 1 |  1.4
Maces & Flails | 1 |  1.4
Polearms       | 1 |  1.4
Staves         | 1 |  1.4
Throwing       | 1 |  1.4
Armour         | 1 |  1.4
Shields        | 1 |  1.4
Unarmed Combat | 1 |  1.4
Spellcasting   | 1 |  1.4
Evocations     | 1 |  1.4
Conjurations   | 1 |  1.1
Hexes          | 1 |  1.1
Summonings     | 1 |  1.1
Necromancy     | 1 |  1.1
Translocations | 1 |  1.1
Transmutations | 1 |  1.1
Fire Magic     | 1 |  1.1
Ice Magic      | 1 |  1.1
Air Magic      | 1 |  1.1
Earth Magic    | 1 |  1.1
Poison Magic   | 1 |  1.1
Fighting       | |  4.7
Ranged Weapons | |  8.6
Dodging        | |  4.7
Stealth        | |  2.7

Action                     |  1- 3 |  4- 6 || total
---------------------------+-------+-------++-------
   Fire: Shortbow          |    86 |    17 ||   103
 Armour: Leather armour    |    12 |       ||    12
  Dodge: Dodged            |    25 |    10 ||    35

Levels and vault maps discovered:
D:1:      reono_arrival_mine, layout_basic, serial_shops, shop,
          nicolae_shop_bloodbath_and_beyond, nicolae_shop_rolling_square, shop,
          ebering_ecumenical_altar_ruins
D:2:      layout_basic, grunt_decor_clamped, kennysheep_doodads,
          minmay_shallow_snake_nest, uniq_robin, uniq_jessica

Table legend: (Time is in decaauts)
 A = Elapsed time spent in this place.
 B = Non-inter-level travel time spent in this place.
 C = Inter-level travel time spent in this place.
 D = Time resting spent in this place.
 E = Time spent auto-exploring this place.
 F = Levels seen in this place.
 G = Mean time per level.
                   A        B        C        D        E       F      G
               +--------+--------+--------+--------+--------+-----+--------+
         Total |   1138 |   1119 |     19 |      0 |    936 |   2 |  569.0 |
       Dungeon |   1138 |   1119 |     19 |      0 |    936 |   2 |  569.0 |
               +--------+--------+--------+--------+--------+-----+--------+

Top non-repeatable levels by time:
     D:1: 814 daAuts
     D:2: 324 daAuts

Table legend:
 A = Kills in this place as a percentage of kills in the entire game.
 B = Kills by you in this place as a percentage of kills by you in the entire game.
 C = Kills by friends in this place as a percentage of kills by friends in the entire game.
 D = Other kills in this place as a percentage of other kills in the entire game.
 E = Experience gained in this place as a percentage of experience gained in the entire game.
 F = Experience gained in this place divided by the number of levels of this place that you have seen.
                   A       B       C       D       E      F
               +-------+-------+-------+-------+-------+----------------------
         Total | 100.0 | 100.0 |   N/A |   N/A | 100.0 |  88.5
       Dungeon | 100.0 | 100.0 |   N/A |   N/A | 100.0 |  88.5
               +-------+-------+-------+-------+-------+----------------------
